Cogmind - Beta 14 @@@ ROGUE MODE // 2025.03.19 @ 16:17:40 Player: kat Result: Self-destructed Performance ------------- Evolutions (1) 500 Regions Visited (2) 400 Robots Destroyed (21) 105 Value Destroyed (359) 359 Prototype IDs (3) 60 Alien Tech Used (0) 0 Bonus (0) 0 TOTAL SCORE: 1424 Bonus ------- None Cogmind --------- Core Integrity 279/400 Matter 285/300 Energy 265/265 System Corruption 0% Temperature Cool (72) Movement Walking (120) Location -9/Materials Parts ------- > --- POWER (1) -------- Improved Ion Engine > --- PROPULSION (2) --- Aluminum Leg Aluminum Leg > --- UTILITY (3) ------ Improved Heat Sink Medium Storage Unit Weight Redist. System > --- WEAPON (3) ------- Advanced Beam Cannon Mining Claw > --- INVENTORY (10) --- Improved Ion Engine Aluminum Leg Aluminum Leg Aluminum Leg Sensor Array Improved Targeting Computer Improved Targeting Computer Light Armor Plating Improved Medium Laser Advanced Beam Cannon Peak State ------------ > --- POWER ------------ Improved Ion Engine > --- PROPULSION ------- Aluminum Leg Aluminum Leg > --- UTILITY ---------- Improved Heat Sink Medium Storage Unit Weight Redist. System > --- WEAPON ----------- Improved Medium Laser Advanced Beam Cannon Mining Claw > --- INVENTORY -------- Improved Ion Engine Aluminum Leg Aluminum Leg Aluminum Leg Sensor Array Improved Targeting Computer Improved Targeting Computer Light Armor Plating EM Shotgun Advanced Beam Cannon [Rating: 18] Favorites ----------- Power Improved Ion Engine Engine Improved Ion Engine Propulsion Aluminum Leg Leg Aluminum Leg Utility Improved Heat Sink Device Improved Heat Sink Storage Medium Storage Unit Weapon Medium Laser Energy Gun Medium Laser Energy Cannon Advanced Beam Cannon Ballistic Gun Light Assault Rifle Slashing Weapon Mining Claw Build | -11 -10 -9 ------- Run | Yrd Mat Mat Slots Evolved 2 | . . 2 Power . | . . . Propulsion . | . . . Utility 1 | . . 1 Weapon 1 | . . 1 Parts Attached 20 | 6 7 7 Power 3 | 1 2 . Engine 3 | 1 2 . Core . | . . . Reactor . | . . . Propulsion 5 | 2 . 3 Treads . | . . . Leg 5 | 2 . 3 Wheel . | . . . Hover . | . . . Flight . | . . . Utility 5 | 1 3 1 Device 3 | . 2 1 Storage 2 | 1 1 . Processor . | . . . Hackware . | . . . Protection . | . . . Artifact . | . . . Weapon 7 | 2 2 3 Energy Gun 4 | 1 2 1 Energy Cannon 1 | . . 1 Ballistic Gun 1 | 1 . . Ballistic Cannon . | . . . Launcher . | . . . Special Weapon . | . . . Impact Weapon . | . . . Slashing Weapon 1 | . . 1 Piercing Weapon . | . . . Special Melee Weapon . | . . . Unidentified Prototypes 1 | . . 1 Parts Lost 1 | . . 1 Power . | . . . Propulsion . | . . . Utility . | . . . Weapon 1 | . . 1 Highest Loss Streak 1 | . . 1 To Critical Strikes . | . . . Average Slot Usage (%) 99 | . 98 99 Engine 12 | . 14 11 Leg 25 | . 28 22 Device 17 | . 12 22 Storage 12 | . 14 11 Energy Gun 20 | . 23 16 Energy Cannon 2 | . . 5 Ballistic Gun 2 | . 4 . Slashing Weapon 5 | . . 11 Peak Build Rating 18 | 6 12 18 Average Rating 12 | 4 9 16 On Entrance 6 | . 6 12 Naked Turns . | . . . Heaviest Build 27 | 11 23 27 Greatest Support 26 | 20 20 26 Greatest Overweight (x) 1 | . 1 1 Average Overweight (x) . | . . . Largest Inventory Capacity 10 | 8 10 10 Average Capacity 9 | 7 9 10 Most Carried 10 | 3 10 10 Average Carried 8 | 1 7 9 Final Capacity 10 | 8 10 10 Final Carried 10 | 2 10 10 Class Distribution -------------------- 96% | Mutant 3% | Scavenger-Mutant Dominant Class ---------------- Mutant | -10/Materials Mutant | -9/Materials Resources | -11 -10 -9 ----------- Run | Yrd Mat Mat Matter Collected 399 | 229 120 50 Remotely . | . . . Salvage Created 679 | . 270 409 Parts 40 | . 14 26 Haulers Intercepted 3 | . 2 1 Recyclers Shooed 1 | . . 1 Parts Field Recycled . | . . . Retrieved Matter . | . . . Parts Self-Destructed . | . . . Prevented . | . . . Kills | -11 -10 -9 ------- Run | Yrd Mat Mat Combat Hostiles Destroyed 14 | . 5 9 Guns 11 | . 4 7 Cannons 1 | . . 1 AOE 1 | . 1 . Classes Destroyed 6 | . 4 2 Builder 1 | . . 1 Hauler 3 | . 2 1 Recycler 1 | . . 1 Watcher 2 | . 1 1 Swarmer 8 | . 3 5 Grunt 6 | . 2 4 Best Kill Streak 4 | . 4 4 Combat Bots Only 3 | . 3 3 Max Kills in Single Turn 2 | . 1 2 Gunslinging . | . . . Exploded 1 | . 1 . Melee . | . . . Uniques/NPCs Destroyed . | . . . Combat | -11 -10 -9 -------- Run | Yrd Mat Mat Hostile Shots Fired 110 | . 13 97 Missed 34 | . 4 30 Damage Taken 794 | . 105 689 Core 153 | . 32 121 Absorbed by Shields . | . . . Core Remaining (%) 93 | 100 87 . Volleys Fired 58 | . 21 37 Largest 2 | . 2 2 Hottest 124 | . 95 124 Shots Fired 97 | . 36 61 Gun 77 | . 36 41 Cannon 20 | . . 20 Launcher . | . . . Special . | . . . Kinetic 6 | . 6 . Thermal 63 | . 19 44 Explosive . | . . . Electromagnetic 28 | . 11 17 Robot Hit Streak 9 | . 6 9 Robot Miss Streak 7 | . 3 7 Penetration Max . | . . . Secondary Targets . | . . . Shots Hit Robots 58 | . 22 36 Core Hits 27 | . 13 14 Critical Kills . | . . . Critical Parts Destroyed . | . . . Critical Strikes 4 | . 1 3 Burn 4 | . 1 3 Melee Attacks 3 | . . 3 Impact . | . . . Slashing 3 | . . 3 Piercing . | . . . Sneak Attacks . | . . . Combat Hostiles . | . . . Follow-up Attacks . | . . . Damage Inflicted 1037 | . 335 702 Guns 678 | . 264 414 Cannons 184 | . . 184 Explosions 127 | . 71 56 Melee 48 | . . 48 Ramming . | . . . Kinetic 22 | . 22 . Thermal 687 | . 195 492 Explosive . | . . . Electromagnetic 280 | . 118 162 Impact . | . . . Slashing 48 | . . 48 Piercing . | . . . Highest Corruption 1 | . 1 . Average Corruption 1 | . 1 . Corruption Purged . | . . . Corruption Blocked . | . . . Effects 3 | . 3 . Matter Fused 2 | . 2 . Data Loss (major) 1 | . 1 . Overload Shots . | . . . Overflow Damage 13 | . 12 1 Projectiles 1 | . . 1 Explosions 12 | . 12 . Melee . | . . . Knockbacks . | . . . Impact . | . . . Kinetic . | . . . Secondary . | . . . Self-Inflicted Damage 26 | . 26 . Shots 1 | . 1 . Rammed . | . . . Targets Rammed . | . . . Kicked . | . . . Crushed . | . . . Highest Temperature 123 | . 105 123 Average Temperature 50 | . 52 50 Received Heat Transfer 270 | . 15 255 Siege Activations . | . . . Robots Corrupted 1 | . . 1 Combat Hostiles . | . . . Parts Fried 2 | . 1 1 Impact Corruptions . | . . . Robots Melted 1 | . . 1 Combat Hostiles 1 | . . 1 Parts Melted 3 | . 1 2 Heat Transferred 1767 | . 520 1247 Parts Sabotaged . | . . . Parts Stolen . | . . . Parts Stripped . | . . . Power Chain Reactions 3 | . 2 1 Alert | -11 -10 -9 ------- Run | Yrd Mat Mat Peak Influence 323 | . 188 323 Initial 5 | . . 5 Average 87 | . 52 139 Maximum Alert Level 1 | . . 1 Low Security (%) 92 | 100 100 83 Level 1 7 | . . 16 Level 2 . | . . . Level 3 . | . . . Level 4 . | . . . Level 5 . | . . . High Security . | . . . Max Security . | . . . Squads Dispatched 1 | . . 1 Investigation . | . . . Extermination . | . . . Reinforcement 1 | . . 1 Assault . | . . . Garrison . | . . . Intercept . | . . . Searches Triggered . | . . . Construction Impeded . | . . . Haulers Reinforced . | . . . Active Scanning Responses . | . . . Cargo Convoy Interrupts . | . . . Stealth | -11 -10 -9 --------- Run | Yrd Mat Mat Distress Signals 2 | . 2 . Communications Jammed . | . . . Distress Signals . | . . . Times Spotted 27 | . 8 19 Peak Tracking Total 8 | . 4 8 Tactical Retreats 4 | . 1 3 Traps | -11 -10 -9 ------- Run | Yrd Mat Mat Traps Triggered 1 | . 1 . Indirectly . | . . . Trap Hack Attempts . | . . . Triggered . | . . . Disarmed . | . . . Reprogrammed . | . . . Reused . | . . . Traps Extracted . | . . . Installed . | . . . Triggered . | . . . Machines | -11 -10 -9 ---------- Run | Yrd Mat Mat Machines Disabled . | . . . Max in Single Turn . | . . . Machines Repaired . | . . . Machines Dismantled . | . . . Machines Sabotaged . | . . . Overloaded Fab Kills . | . . . Hacking | -11 -10 -9 --------- Run | Yrd Mat Mat Machines Accessed 7 | . 5 2 Terminals 6 | . 4 2 Fabricators . | . . . Repair Stations . | . . . Recycling Units 1 | . 1 . Scanalyzers . | . . . Garrison Access . | . . . Total Hacks 11 | . 7 4 Successful 5 | . 4 1 Failed 6 | . 3 3 Catastrophic 1 | . 1 . Database Lockouts . | . . . Manual 1 | . . 1 Terminals 9 | . 5 4 Fabricators . | . . . Repair Stations . | . . . Recycling Units 2 | . 2 . Scanalyzers . | . . . Garrison Access . | . . . Terminal Hacks 4 | . 3 1 Record 1 | . . 1 Prototype ID Bank 1 | . 1 . Alert Level 1 | . 1 . Locate Traps 1 | . 1 . Fabricator Hacks . | . . . Repair Station Hacks . | . . . Recycling Unit Hacks 1 | . 1 . Report Inventory 1 | . 1 . Scanalyzer . | . . . Garrison Access Hacks . | . . . Unauthorized Hacks . | . . . Terminals . | . . . Fabricators . | . . . Repair Stations . | . . . Recycling Units . | . . . Scanalyzers . | . . . Garrison Access . | . . . Data Cores Recovered . | . . . Used . | . . . Hacking Detections 5 | . 3 2 Full Trace Events . | . . . Feedback Events . | . . . Feedback Blocked . | . . . Robot Schematics Acquired . | . . . Robots Built . | . . . Authchips . | . . . Time . | . . . Total Robot Build Rating . | . . . Part Schematics Acquired . | . . . Parts Built . | . . . Authchips . | . . . Time . | . . . Total Part Build Rating . | . . . Parts Repaired . | . . . Time . | . . . Parts Recycled . | . . . Recycled Matter . | . . . Retrieved Matter . | . . . Retrieved Components . | . . . Parts Scanalyzed . | . . . Part Schematics Acquired . | . . . Parts Damaged . | . . . Bothacking | -11 -10 -9 ------------ Run | Yrd Mat Mat Used RIF Installer . | . . . Robots Hacked . | . . . Non-combat . | . . . Combat . | . . . Robot Hacks Applied . | . . . Relay Couplers Released . | . . . Fabnet Peak Effective % . | . . . Robots Rewired . | . . . Allies Hacked . | . . . Hacks Repelled . | . . . Allies | -11 -10 -9 -------- Run | Yrd Mat Mat Total Allies . | . . . Largest Group . | . . . Highest-Rated Group . | . . . Highest-Rated Ally . | . . . Total Orders . | . . . Ally Attacks . | . . . Total Damage . | . . . Kills . | . . . Allies Corrupted . | . . . Allies Melted . | . . . Intel | -11 -10 -9 ------- Run | Yrd Mat Mat Robot Analysis Total . | . . . Derelict Logs Recovered . | . . . Drone Launches . | . . . Drone Recoveries . | . . . Exploration | -11 -10 -9 ------------- Run | Yrd Mat Mat Turns Passed 1033 | 68 505 460 Spaces Moved 536 | 50 272 214 Core 7 | 7 . . Treads . | . . . Legs 529 | 43 272 214 Wheels . | . . . Hover . | . . . Flight . | . . . Fastest Speed 50 | 50 120 120 Average Speed 143 | 110 147 146 Slowest Speed 190 | 120 190 190 Overloaded Moves . | . . . Propulsion Burnouts . | . . . Robots Hopped . | . . . Cave-ins Triggered . | . . . Exploration Rate (%) 22 | 4 44 18 Regions Visited 2 Branch Regions . Pre-discovered Areas . | . . . Known Exits Taken . | . . . Unknown Exits Taken 2 | 1 1 . Scrap Searched . | . . . Spaces Dug . | . . . Terrain Destroyed 13 | . 9 4 Melee . | . . . Projectile . | . . . AOE 13 | . 9 4 Terrain Rammed . | . . . Walls Destroyed . | . . . Machines Disabled . | . . . Actions | -11 -10 -9 --------- Run | Yrd Mat Mat Total 702 | 63 343 296 Wait 45 | . 21 24 Move 534 | 49 271 214 Hop . | . . . Pick Up 29 | 8 16 5 Fast Attach 1 | . . 1 Attach 11 | 6 2 3 Detach . | . . . Swap 8 | . 5 3 Drop 13 | . 7 6 Fire 58 | . 21 37 Melee 3 | . . 3 Ram . | . . . Kick . | . . . Crush . | . . . Escape Stasis . | . . . Rewire . | . . . Trap . | . . . Miscellaneous . | . . . Route ------- -11/Scrapyard -10/Materials -9/Materials History --------- Turn | Location | Event 2 | -11/Scrapyard | Met Revision 17 6 | -11/Scrapyard | Discovered new exit (range 16) 69 | -11/Scrapyard | Entered Materials 307 | -10/Materials | Build established: Mutant 547 | -10/Materials | Discovered new exit (range 12) 574 | -10/Materials | Entered another Materials area 574 | -9/Materials | Evolved 2 slots: Utility x1, Weapon x1 1034 | -9/Materials | Self-destructed Last Messages --------------- 00932_ K-01 Serf collects debris. 00939_ G-47 Trooper suffers critical hit (Burn). 00939_ K-01 Serf collects debris. 00943_ K-01 Serf destroyed. 00944_ U-05 Engineer lays Concrete. 00946_ T-07 Excavator is excavating. 00958_ K-01 Serf collects debris. 00965_ Critical hit (Burn: +37). 00966_ K-01 Serf collects debris. 00972_ G-47 Trooper suffers critical hit (Burn). 00973_ G-47 Trooper critical meltdown. 00973_ Particle Gun melted. 00973_ Lgt. Nuclear Core melted. 00975_ G-34 Mercenary destroyed. 00981_ K-01 Serf collects debris. 00984_ U-05 Engineer builds a Door. 00990_ Dropped Aluminum Leg. 00991_ K-01 Serf collects debris. 01017_ Critical hit (Burn: +37). 01033_ Imp. Medium Laser destroyed. Map ----- +----------------------------------------------------+ | ???????????????????????????????# # [ | | ???????????????#???????????????# # ########### | | ???????????????# ??????????????# #######?????????# | | ???????????????# ?????????????# #????##?????????# | | ???????????????# ?# ?????????#*#??? #?????????# | | ???????????????# ###/#########%#? #?????????# | | ???????????????# *=!==# #??????????# | | ???????????????# =%=%[| #???????????# | | ???????????????# ![*%!# ###????????#### | | ????????????#### #####+######??????????# | | ??????????# =#! =% #????????????# | | ??????????# %+= """ #????????????# | | ???????????????#+######## """ #????????????# | | ????????????????????????# """ #????????????# | | ????????????????????????# #????????????# | | ????????????????????????# """ #????????????# | | ????????????????????????# """ #????????????#### | | ????????????????????????# """ #???????????????? | | ????????????????????????# #???????????????? | | ????????????????????????##/##/####???????????????? | | ?????????????????????????# g#??????????????????? | | ?????????????????????????# #??????????????????? | | ?????????????????????????# g #??????????????????? | | ?????????????????????????# #??????????????????? | | ?????????????????# #### #??????????????????? | | ?????????? @ #??????????????????? | | ?????????? Y ####??????????????????? | | ?????????????##### ######?????????????????????? | | ?????????????????###?????????????????????????????? | | ?????????????????????????????????????????????????? | | | | | | | | | | | | | | | | | | | | | | | | | | | | | | | | | | | | | | | | | +----------------------------------------------------+ Best States ------------- Heat Dissipation 42 Energy Generation 12 Energy Capacity 265 Matter Stores 300 Matter Capacity 300 Sight Range 16 Robot Scan Range 14 Terrain Scan Density 10 Additional Mass Support 6 Evasion (%) 55 Item Schematics ----------------- None Robot Schematics ------------------ None Fabricated ------------ Nothing Alien Tech Used ----------------- None Achievements -------------- None Challenges ------------ None Game ------ Seed CoilHardcellReactor Manual? 0 Play Time 00:17:44 Cumulative 9.7 hours Start 2025.03.19 @ 15:59:28 End 2025.03.19 @ 16:17:40 Sessions 1 Manual Loads 0 Difficulty Rogue Special Mode None Game No. 14 Rogue 13 Adventurer 1 Explorer 0 Win Type - Total 0 Types 0/0/0/0/0/0/0/0/0 Lore% 5 Gallery% 14 Achievement% 12 Wizard Run 0 Options --------- Layout 1 ASCII 0 Keyboard 0 Movement Mouse Keybinds 0 Fullscreen 1 Font 20/SmallcapsGlow Map View 54x42 Zoom Use 0% Tactical HUD 1 Map Filters NONE Filters NONE Steam 1 RUN: 4249d46e-8fec-4887-bf9c-cd72f4134cda